 Dungeon Crawl Stone Soup version 0.26-a0-639-g72c4674329 (webtiles) character file.

Game seed: 11747398794089871017

(classic levelgen) 91 EnegeticOcto the Shield-Bearer (level 4, 0/42 HPs)
             Began as a Deep Dwarf Fighter on Sept 28, 2020.
             Killed from afar by an orc wizard (4 damage)
             ... with a puff of flame
             ... on level 4 of the Dungeon.
             The game lasted 00:00:25 (471 turns).

EnegeticOcto the Shield-Bearer (Deep Dwarf Fighter)  Turns: 471, Time: 00:00:26

Health: 0/42       AC:  7    Str: 21    XL:     4   Next: 34%
Magic:  4/4        EV:  7    Int: 14    God:
Gold:   30         SH:  9    Dex: 12    Spells: 3/3 levels left

rFire    . . .     SeeInvis .   a - +0 war axe
rCold    . . .     Faith    .   c - +0 kite shield
rNeg     . . .     Spirit   .   b - +0 scale mail
rPois    .         Reflect  .   (no helmet)
rElec    .         Harm     .   (no cloak)
rCorr    .         Rampage  .   (no gloves)
MR       .....                  (no boots)
Stlth    ..........             (no amulet)
HPRegen  0.00/turn              f - +6 ring of intelligence
MPRegen  0.09/turn              (no ring)

@: non-regenerating
A: damage resistance, heal wounds, sense surroundings 1, no regeneration
a: Heal Wounds


You were on level 4 of the Dungeon.
You visited 1 branch of the dungeon, and saw 4 of its levels.

You collected 30 gold pieces.

Inventory:

Hand Weapons
 a - a +0 war axe (weapon)
Missiles
 e - a throwing net (quivered)
Armour
 b - a +0 scale mail (worn)
 c - a +0 kite shield (worn)
Jewellery
 f - a +6 ring of intelligence (left hand)
 h - an uncursed ring of flight {unknown}
Potions
 d - a potion of might {@q3}
 g - 2 potions of flight {unknown}


   Skills:
 + Level 3.2 Fighting
 * Level 3.6 Axes
 + Level 3.9 Armour
 + Level 3.9 Shields


You had 3 spell levels left.
You didn't know any spells.
Your spell library was empty.

Dungeon Overview and Level Annotations

Branches:
Dungeon (4/15)
 Temple: D:4-7

Altars:
Ashenzari
Uskayaw


Innate Abilities, Weirdness & Mutations

You are resistant to damage.
You can heal yourself by infusing magical energy.
You passively map a small area around you.
You do not regenerate.


Message History

You closely miss something.
The orc shouts!
You block the orc's attack.
You hear some strange, mumbled words.
A puff of flame appears from out of thin air!
The puff of flame hits you.
Things that are here:
a +0 dagger; a +0 leather armour; a scroll labeled TAL JUQ TEA Your scale mail prevents you from hitting the orc.
The orc is moderately wounded.
You closely miss something.
Your shield prevents you from hitting the orc.
The orc barely misses you. The orc hits you but does no damage.
Something hits you but does no damage. The orc hits you but does no damage. x2
You block something's attack.
You slash the orc!
You kill the orc!
You hit the orc. You slash something! Something hits you but does no damage.
The orc hits you with a +0 flail.
You closely miss the orc.
The orc is severely wounded.
You hit something but do no damage. You hit the jelly.
Your hands burn!
The jelly hits you but does no damage. Something hits you but does no damage.
The orc barely misses you.
You closely miss the orc.
The orc is severely wounded.
You hit the jelly.
Your hands burn!
You miss something. You block the jelly's attack.
You hear some strange, mumbled words.
You are confused.
The orc hits you with a +0 flail.
The jelly jiggles.
The jelly hits you.
You are splashed with acid!
* * * LOW HITPOINT WARNING * * *
Something hits you but does no damage.
There are monsters nearby!
There are monsters nearby!
There are monsters nearby!
There are monsters nearby!
There are monsters nearby!
You are too injured to fight recklessly!
You are too injured to fight recklessly!
You are too injured to fight recklessly!
You are too injured to fight recklessly!
You are too injured to fight recklessly!
You are too injured to fight recklessly!
You are too injured to fight recklessly!
You are too injured to fight recklessly!
You are too injured to fight recklessly!
You are too injured to fight recklessly!
You are too injured to fight recklessly!
You are too injured to fight recklessly!
You're too confused!
You're too confused!
You are too injured to fight recklessly!
You are too injured to fight recklessly!
You are too injured to fight recklessly!
You are too injured to fight recklessly!
You are too injured to fight recklessly!
You are too injured to fight recklessly!
You are too injured to fight recklessly!
You are too injured to fight recklessly!
You closely miss something. You closely miss the orc. You hit the jelly.
You kill the jelly!
You have reached level 4!
You feel stronger. The orc barely misses you. Something hits you.
You're too confused!
You are too injured to fight recklessly!
You're too confused to move!
The orc hits you but does no damage. Something hits you but does no damage.
You're too confused to move!
The orc hits you but does no damage.
You hear some strange, mumbled words.
Something tries to affect you, but you resist.
You bump into the rock wall.
Something hits you but does no damage. The orc hits you but does no damage.
You hit something. You hit the orc.
You kill the orc!
You hear some strange, mumbled words.
You are more confused.
You're too confused!
You bump into the rock wall.
Something hits you but does no damage.
You barely miss something.
You hear some strange, mumbled words.
A puff of flame appears from out of thin air!
The puff of flame misses you. Something completely misses you.
You bump into the rock wall.
Something hits you but does no damage. Something hits you but does no damage.
You bump into the rock wall.
You hear some strange, mumbled words.
A puff of flame appears from out of thin air!
The puff of flame hits you.
* * * LOW HITPOINT WARNING * * *
You bump into the rock wall.
Something hits you but does no damage.
You're too confused!
You feel less confused.
You hear some strange, mumbled words.
A puff of flame appears from out of thin air!
The puff of flame hits you.
You die...

.............# #######
#####........#### #.....###
# #........##.####.......#
## ##............#.......##
.#* #...........#.........#
.# .............#..........#
.#.....#......###.>.#......#
.#.....##.#..##............#
## .. ####..#.@.........##
#*, , #..†){..........#* # ,
##.)##........... ,, ,....#
#.#......# * ,,
......,*###.##.#.. , * ,
.##.. , * .# .##. * , #.[.
.#,,# , ....* , , *,,, ....
, , ,


There were no monsters in sight!

Vanquished Creatures
  A howler monkey (D:4)
  A jelly (D:4)
  An ooze (D:3)
  A dart slug (D:1)
  3 orcs (D:4)
  2 giant cockroaches
  A goblin (D:2)
  2 hobgoblins (D:1)
  3 frilled lizards
  2 kobolds
  A rat (D:2)
18 creatures vanquished.

Notes
Turn   | Place    | Note
-------+----------+-------------------------------------------
     0 | D:1      | EnegeticOcto the Deep Dwarf Fighter began the quest for the
                  | Orb.
     0 | D:1      | Reached XP level 1. HP: 20/20 MP: 1/1
     0 | D:1      | Noticed an ice dragon
     3 | D:1      | Noticed a large abomination
     3 | D:1      | Noticed a shadow dragon
     5 | D:1      | Noticed a green draconian
     7 | D:1      | Noticed a shadow dragon
     8 | D:1      | Noticed a tentacled monstrosity
    10 | D:1      | Noticed an orb of fire
    10 | D:1      | Noticed an orb of fire
    12 | D:1      | Noticed an ice dragon
    12 | D:1      | Noticed an iron dragon
    13 | D:1      | Noticed an ice dragon
    14 | D:1      | Noticed an iron dragon
    14 | D:1      | Noticed a tentacled monstrosity
    16 | D:1      | Noticed a shadow dragon
    18 | D:1      | Noticed an iron dragon
    21 | D:1      | Noticed a tentacled monstrosity
   162 | D:1      | Reached XP level 2. HP: 22/27 MP: 2/2
   185 | D:2      | Found a shattered altar of Ashenzari.
   190 | D:2      | Found a hide-covered altar of Uskayaw.
   389 | D:4      | Noticed a howler monkey
   397 | D:4      | Killed a howler monkey
   397 | D:4      | Reached XP level 3. HP: 20/34 MP: 3/3
   411 | D:4      | Noticed a scorpion
   412 | D:4      | Noticed a bullfrog
   460 | D:4      | Reached XP level 4. HP: 7/42 MP: 4/4
   471 | D:4      | Killed from afar by an orc wizard

Illustrated notes

Levels and vault maps discovered:
D:1:      shiori_arrival_whats_in_store_for_you, layout_loops_ring,
          serial_forest, infiniplex_forest_lined_room_2,
          infiniplex_forest_clump_medium, infiniplex_forest_end_2,
          infiniplex_forest_end_2, infiniplex_forest_clump_long,
          infiniplex_forest_straight_5
D:2:      layout_loops_ring, nemelex_xobeh_ov_fountains_minmay,
          grunt_temple_overflow_open
D:3:      layout_loops_ring, hex_large, uniq_jessica, uniq_crazy_yiuf_cottage
D:4:      layout_cave_pools, lightli_corner_chamber

Skill      XL: |  1  2 |
---------------+-------+-----
Fighting       | 3 |  3.2
Axes           | 3 |  3.6
Armour         | |  3.9
Shields        | |  3.9

Action                   |  1- 3 |  4- 6 || total
-------------------------+-------+-------++-------
Melee: War axe           |    51 |     2 ||    53
Armor: Scale mail        |    23 |     8 ||    31
Dodge: Dodged            |    14 |     3 ||    17
Block: Kite shield       |    21 |       ||    21

Table legend: (Time is in decaauts)
 A = Elapsed time spent in this place.
 B = Non-inter-level travel time spent in this place.
 C = Inter-level travel time spent in this place.
 D = Time resting spent in this place.
 E = Time spent auto-exploring this place.
 F = Levels seen in this place.
 G = Mean time per level.
                   A        B        C        D        E       F      G
               +--------+--------+--------+--------+--------+-----+--------+
         Total |    493 |    452 |     41 |      0 |    308 |   4 |  123.2 |
       Dungeon |    493 |    452 |     41 |      0 |    308 |   4 |  123.2 |
               +--------+--------+--------+--------+--------+-----+--------+

Top non-repeatable levels by time:
     D:1: 188 daAuts
     D:2: 159 daAuts
     D:4: 106 daAuts
     D:3: 39 daAuts
